AoeStats
← Ux'RaúlME

Nomad

507854004Analyzed
2v2 RM · 13d ago on Sep 19, 2026· 54m 47s· 4 players
Game mode
Random Map
Map size
176×176
Population
200
Speed
Normal
Resources
Standard
Victory
Conquest
Starting age
Dark Age
Ending age
Imperial Age
RankedLock teamsTeams togetherTeam positionsShared explorationLock speedFull tech treeHidden civsTurbo modeCheats
Victory
Defeat
🇨🇱 Portuguese · Chile
1260
+13
🇺🇸 Teutons · United States
1260
+13
🇲🇽 Italians · Mexico
1238
-16
🇲🇽 Persians · Mexico
1130
-10
Plyco
6:02 Loom
13:01 Feudal Age
13:30 Double-Bit Axe
13:10 Man-at-Arms
14:34 Horse Collar
21:03 Castle Age
20:15 Forging
20:55 Scale Mail Armor
21:04 Long Swordsman
22:27 Bow Saw
22:43 Squires
22:30 Gambesons
25:42 Iron Casting
27:16 Chain Mail Armor
27:13 Arson
27:35 Heavy Plow
29:42 Fletching
30:44 Town Watch
32:55 Wheelbarrow
36:38 Imperial Age
34:42 Hand Cart
34:54 Gold Mining
34:54 Stone Mining
36:49 Two-Handed Swordsman
38:11 Champion
40:28 Plate Mail Armor
42:52 Two-Man Saw
43:23 Blast Furnace
48:37 Conscription
49:38 Crop Rotation
52:44 Chemistry
52:05 Ballistics
LEÑA
3:31 Loom
13:32 Feudal Age
14:20 Double-Bit Axe
18:45 Castle Age
18:42 Fishing Lines
18:59 Fletching
19:47 Medium Warships
19:48 Bodkin Arrow
22:39 Gillnets
24:35 Bow Saw
24:07 Horse Collar
24:24 Gold Mining
27:05 Padded Archer Armor
27:06 Stone Mining
34:40 Imperial Age
33:49 Elite Skirmisher
34:35 Thumb Ring
35:40 Stone Shaft Mining
35:01 Elite Organ Gun
36:08 Conscription
36:40 Bracer
39:29 Chemistry
42:51 Leather Archer Armor
45:32 Arquebus
53:32 Elite Caravel
55:24 Ring Archer Armor
Ux'RaulitoMD
4:10 Loom
13:45 Feudal Age
14:59 Fishing Lines
15:44 Bloodlines
17:10 Fletching
17:23 Padded Archer Armor
18:59 Horse Collar
23:13 Castle Age
21:33 Scale Barding Armor
23:00 Wheelbarrow
25:28 Gillnets
26:27 Hand Cart
28:23 Ballistics
32:35 Bodkin Arrow
38:55 Town Watch
41:01 Chain Barding Armor
41:21 Forging
41:34 Medium Warships
46:50 Masonry
46:33 Double-Bit Axe
48:39 Iron Casting
48:14 Guard Tower
48:33 Murder Holes
Ux'RaúlME
4:52 Loom
12:30 Feudal Age
16:22 Castle Age
15:01 Double-Bit Axe
18:19 Wheelbarrow
18:30 Bow Saw
18:14 Gold Mining
18:15 Stone Mining
21:36 Hand Cart
21:50 Town Watch
22:08 Fletching
22:54 Bodkin Arrow
23:34 Horse Collar
25:59 Heavy Plow
27:39 Stone Shaft Mining
28:54 Padded Archer Armor
29:59 Ballistics
29:34 Murder Holes
32:46 Imperial Age
32:10 Leather Archer Armor
32:56 Scale Mail Armor
33:07 Forging
33:35 Bracer
34:05 Ring Archer Armor
33:24 Arson
35:50 Chain Mail Armor
36:51 Conscription
42:10 Plate Mail Armor
42:21 Iron Casting
45:11 Scale Barding Armor
46:06 Blast Furnace
45:31 Light Cavalry
46:12 Husbandry
46:45 Bloodlines
48:54 Chemistry
48:48 Crop Rotation
48:47 Chain Barding Armor
Connection lost

Rejoining the realm…

Still unreachable

The connection could not be restored.

Session expired

The server has moved on; the page needs a fresh start.